 Seeded DCSS version 0.28-a0-1199-gef9e1dbd39 (webtiles) character file.

Game seed: 4018878354053487559 (custom seed)

1723 croobank the Chopper (level 8, 0/67 HPs)
             Began as a Demigod Earth Elementalist on Dec 19, 2021.
             Slain by an ogre (18 damage)
             ... on level 6 of the Dungeon.
             The game lasted 00:40:42 (6176 turns).

croobank the Chopper (Demigod Earth Elementalist)   Turns: 6176, Time: 00:40:43

Health: 0/67       AC: 15    Str: 17    XL:     8   Next: 46%
Magic:  14/14      EV: 11    Int: 17    God:
Gold:   134        SH:  0    Dex: 14    Spells: 7/11 levels left

rFire   . . .      SeeInvis .   a - +0 war axe
rCold   . . .      Faith    .   (no shield)
rNeg    . . .      Spirit   .   A - +0 ring mail
rPois   .          Reflect  .   o - +0 helmet
rElec   .          Harm     .   d - +0 cloak
rCorr   .          Rampage  .   w - +2 pair of gloves
Will    .....                   u - +0 pair of boots
Stlth   +.........              (no amulet)
HPRegen 0.21/turn               i - +4 ring of protection
MPRegen 0.14/turn               (no ring)

@: no status effects
A: high mp 1, forlorn, divine attributes
a: no special abilities


You were on level 6 of the Dungeon.
You visited 1 branch of the dungeon, and saw 6 of its levels.
You also visited: Ossuary.

You collected 169 gold pieces.
You spent 35 gold pieces at shops.

Inventory:

Hand Weapons
 a - a +0 war axe (weapon)
 b - the +12 arbalest of the Nine Lives {elec, rPois Dex-3 Stlth+}
   (You found it on level 5 of the Dungeon)

   Any ammunition fired from it occasionally discharges a powerful burst of
   electricity upon striking a foe.
   Dex:       It affects your dexterity (-3).
   rPois:     It protects you from poison.
   Stlth:     It makes you more stealthy.
 j - a +2 whip of freezing
 k - a +1 dagger of draining
 z - the +5 hunting sling "Gegyrirghiq" {speed, rPois rN+ Str+2}
   (You found it on level 4 of the Dungeon)

   Attacks with this weapon are significantly faster.
   Str:       It affects your strength (+2).
   rPois:     It protects you from poison.
   rN:        It protects you from negative energy.
Missiles
 c - 145 stones
 f - 31 bolts
 p - 102 sling bullets
 s - 9 poisoned darts
 x - a throwing net
Armour
 d - a +0 cloak (worn)
 h - a +0 leather armour
 o - a +0 helmet (worn)
 r - a +0 scale mail
 u - a +0 pair of boots (worn)
 w - a +2 pair of gloves (worn)
 A - a +0 ring mail (worn)
Magical Staves
 e - a staff of poison
Jewellery
 i - a +4 ring of protection (left hand)
Scrolls
 g - 2 scrolls of identify {identify}
 m - 5 scrolls of teleportation {teleport, unknown}
 q - a scroll of fear {fear, unknown}
 v - a scroll of amnesia {amnesia, unknown}
 y - 2 scrolls of blinking {blink, unknown}
Potions
 l - a potion of mutation {mutation, unknown}
 n - 4 potions of brilliance {brilliance, unknown}
 t - a potion of flight {flight, unknown}
 B - a potion of cancellation {cancellation, unknown}
 C - a potion of lignification {unknown}


   Skills:
 - Level 4.7 Fighting
 + Level 6.2 Axes
 + Level 5.5 Crossbows
 - Level 2.1 Dodging
 - Level 2.1 Stealth
 - Level 2.0 Spellcasting
 - Level 1.3 Transmutations
 - Level 3.0 Earth Magic


You had 7 spell levels left.
You knew the following spells:

 Your Spells              Type           Power      Damage    Failure   Level
a - Sandblast             Erth           22%        2d7       11%         1
b - Slow                  Hex            4%         N/A       34%         1
c - Blink                 Tloc           2%         N/A       47%         2

Your spell library contained the following spells:

 Spells                   Type           Power      Damage    Failure   Level
 Passwall                 Tmut/Erth      7%         N/A       22%         2
 Sting                    Tmut/Pois      16%        1d3       26%         1
 Poisonous Vapours        Pois/Air       2%         N/A       47%         2
 Stone Arrow              Conj/Erth      12%        3d7       50%         3
 Confusing Touch          Hex            1%         N/A       71%         3
 Vampiric Draining        Necr           1%         2d6       71%         3
 Petrify                  Tmut/Erth      9%         N/A       82%         4
 Animate Armour           Summ/Erth      12%        N/A       88%         4
 Olgreb's Toxic Radiance  Pois           1%         N/A       98%         4
 Manifold Assault         Tloc           1%         N/A       100%        5
 Summon Forest            Summ/Tloc      0%         N/A       100%        5
 Summon Mana Viper        Hex/Summ       1%         N/A       100%        5
 Summon Cactus Giant      Summ           0%         N/A       100%        6
 Storm Form               Tmut/Air       2%         N/A       100%        7
 Lehudib's Crystal Spear  Conj/Erth      3%         10d2      100%        8


Dungeon Overview and Level Annotations

Branches:
Dungeon (6/15)             Temple (0/1) D:4         Ossuary (visited)

Shops:
D:2 (


Innate Abilities, Weirdness & Mutations

You have an increased reservoir of magic. (+10% MP)
You shall have no god before yourself.
Your divine heritage dramatically boosts your attributes as you level up.


Message History

The centaur skeleton kicks you but does no damage.
The centaur skeleton hits you but does no damage.
The centaur skeleton kicks you but does no damage.
Pikel barely misses you.
You hit Pikel.
Pikel is almost dead.
You hit the centaur skeleton.
The centaur skeleton hits you but does no damage.
The centaur skeleton closely misses you.
Pikel hits you with a +0 whip of freezing.
Pikel freezes you. The centaur skeleton barely misses you.
The centaur skeleton kicks you but does no damage.
You slash Pikel!
You kill Pikel!
You slash the centaur skeleton!
You destroy the centaur skeleton!
With Pikel's spell broken, his former minions thank you for their freedom.
The lemure departs this earthly plane. x2; The ogre closely misses you.
Your Axes skill increases to level 6!
Your Crossbows skill increases to level 5!
The adder barely misses you.
You slash the adder!
The adder is severely wounded.
The adder barely misses you. The adder barely misses you.
The adder bites you but does no damage. The adder bites you but does no damage.
You hit the adder.
You kill the adder!
You hit the ogre.
The ogre is lightly wounded.
The ogre barely misses you.
You hit the ogre.
The ogre is lightly wounded.
The ogre hits you with a +0 giant spiked club!!
* * * LOW HITPOINT WARNING * * *
You slash the ogre!
The ogre is heavily wounded.
The ogre hits you with a +0 giant spiked club!!
You die...

#######.....#
#.l..ll.....#
#.########..# #.#
#..# ##.# #..#
##l.# #..## ##l#.##
#....
##O###.#######..##
#@## ##.........#
##.###>#######.##
##...#.## ##.##
#..##..#######.#.##
#..................
#..................
###8###8###⌠###8###
## ## ### ###


You could see an ogre and 2 iguanas.

Vanquished Creatures
  Pikel (D:6)
  An ice beast (D:4)
  A sky beast (D:5)
  2 orc warriors (D:4)
  An ogre (D:5)
  A gnoll sergeant (D:5)
  2 water moccasin zombies (Ossuary)
  A centaur zombie (D:5)
  3 hounds
  2 centaur skeletons (D:6)
  An orc priest (D:4)
  An iguana (D:5)
  6 mummies (Ossuary)
  Terence (D:2)
  Natasha (D:3)
  An orc wizard (D:4)
  A hound skeleton (D:5)
  A howler monkey zombie (Ossuary)
  Robin (D:2)
  5 adders
  4 gnolls (D:5)
  An ufetubus (D:4)
  2 worms
  11 orcs
  5 endoplasms
  3 giant cockroaches
  11 goblins
  3 hobgoblins
  6 kobolds
  6 quokkas
  2 ball pythons
  6 bats
  3 rats (D:1)
97 creatures vanquished.

Vanquished Creatures (others)
  5 plants (D:1)
  3 withered plants (Ossuary)
8 creatures vanquished.

Grand Total: 105 creatures vanquished

Notes
Turn   | Place    | Note
-------+----------+-------------------------------------------
     0 | D:1      | croobank the Demigod Earth Elementalist began the quest for
                  | the Orb.
     0 | D:1      | Reached XP level 1. HP: 14/14 MP: 5/5
    39 | D:1      | Reached skill level 1 in Transmutations
   143 | D:1      | Reached XP level 2. HP: 8/20 MP: 0/7
   798 | D:2      | Noticed Terence
  1038 | D:2      | Noticed Robin
  1074 | D:2      | HP: 1/20 [goblin[Robin] (1)]
  1439 | D:2      | Found Ungyky's Weapon Shop.
  1444 | D:2      | Bought a +0 war axe for 35 gold pieces
  1466 | D:2      | Reached XP level 3. HP: 26/26 MP: 5/8
  1537 | D:2      | Killed Robin
  1538 | D:2      | Reached skill level 1 in Axes
  2104 | D:2      | Killed Terence
  2105 | D:2      | Reached skill level 2 in Axes
  2251 | D:3      | Learned a level 1 spell: Slow
  2255 | D:3      | Reached XP level 4. HP: 33/33 MP: 5/9
  2866 | D:3      | Noticed Natasha
  2881 | D:3      | Killed Natasha
  2882 | D:3      | Reached skill level 1 in Fighting
  3147 | D:4      | You fall into a shaft and drop 1 floor!
  3147 | D:5      | Entered Level 5 of the Dungeon
  3154 | D:5      | Identified the +12 arbalest of the Nine Lives {elec, rPois
                  | Dex-3 Stlth+}
  3287 | D:5      | Reached XP level 5. HP: 37/42 MP: 8/10
  3389 | D:5      | Noticed a sky beast
  3440 | D:5      | Killed a sky beast
  3523 | D:5      | Noticed an ogre
  3528 | D:5      | Killed an ogre
  3529 | D:5      | Reached XP level 6. HP: 48/53 MP: 12/12
  4162 | D:5      | Reached skill level 3 in Axes
  4162 | D:5      | Reached skill level 1 in Crossbows
  4796 | D:4      | Identified the +5 hunting sling "Gegyrirghiq" {speed, rPois
                  | rN+ Str+2}
  4834 | D:4      | Found a staircase to the Ecumenical Temple.
  4843 | D:4      | Reached XP level 7. HP: 60/60 MP: 13/13
  4939 | D:4      | Reached skill level 4 in Axes
  5457 | D:4      | Learned a level 2 spell: Blink
  5627 | D:6      | Found a sand-covered staircase.
  5636 | Ossuary  | Entered an ossuary
  5776 | Ossuary  | Reached skill level 5 in Axes
  6108 | D:6      | Reached XP level 8. HP: 67/67 MP: 14/14
  6140 | D:6      | Noticed Pikel
  6157 | D:6      | Killed Pikel
  6158 | D:6      | Reached skill level 6 in Axes
  6158 | D:6      | Reached skill level 5 in Crossbows
  6176 | D:6      | Slain by an ogre

Illustrated notes

Levels and vault maps discovered:
D:1:      psy_arrival_conway, layout_rooms
D:2:      layout_loops_cross, dreamdust_ecumenical_altar_statues, serial_shops,
          shop, corexii_corridor_pit, uniq_robin, uniq_terence
D:3:      layout_loops_ring, roderic_serpentine_path, uniq_natasha
D:4:      layout_loops_ring, minmay_temple_entry_hall, kennysheep_generic_room_5
D:5:      layout_basic, serial_curves, eino_curves_04, eino_curves_03,
          lightli_minifort
D:6:      layout_loops_ring, enter_ossuary_5, chequers_hall_statues_wall_a,
          lightli_corner_chamber, uniq_pikel

Skill      XL: |  1  2  3  4  5  6  7  8 |
---------------+-------------------------+-----
Transmutations | 1 |  1.3
Stealth        | 2 |  2.1
Dodging        | 2 |  2.1
Spellcasting   | 2 |  2.0
Earth Magic    | 3 |  3.0
Axes           | 2 3 5 6 |  6.2
Fighting       | 2 4 |  4.7
Crossbows      | 2 4 5 |  5.5

Action                   |  1- 3 |  4- 6 |  7- 9 || total
-------------------------+-------+-------+-------++-------
Melee: Staff             |    27 |       |       ||    27
       Unarmed           |     2 |       |       ||     2
       Whip              |     7 |       |       ||     7
       War axe           |    40 |   157 |   129 ||   326
 Fire: Arbalest          |       |     3 |    16 ||    19
 Cast: Sandblast         |    41 |     6 |       ||    47
       Slow              |     2 |       |     2 ||     4
  Use: Potion            |     1 |     2 |       ||     3
       Scroll            |       |     2 |       ||     2
 Stab: Sleeping          |       |     1 |       ||     1
Armor: Robe              |    14 |       |       ||    14
       Leather armour    |    30 |    42 |       ||    72
       Scale mail        |       |    70 |    22 ||    92
       Ring mail         |       |       |    54 ||    54
Dodge: Dodged            |    87 |    95 |    76 ||   258

Table legend: (Time is in decaauts)
 A = Elapsed time spent in this place.
 B = Non-inter-level travel time spent in this place.
 C = Inter-level travel time spent in this place.
 D = Time resting spent in this place.
 E = Time spent auto-exploring this place.
 F = Levels seen in this place.
 G = Mean time per level.
                   A        B        C        D        E       F      G
               +--------+--------+--------+--------+--------+-----+--------+
         Total |   6303 |   6142 |    161 |   1494 |   2948 |   7 |  900.4 |
       Dungeon |   6125 |   5964 |    161 |   1441 |   2948 |   6 | 1020.8 |
       Ossuary |    177 |    177 |      0 |     53 |      0 |   1 |  177.0 |
               +--------+--------+--------+--------+--------+-----+--------+

Top non-repeatable levels by time:
     D:5: 1451 daAuts
     D:2: 1176 daAuts
     D:1: 1075 daAuts
     D:4: 967 daAuts
     D:3: 955 daAuts
     D:6: 499 daAuts
 Ossuary: 177 daAuts
